Map: Abiogenesis LE

Players

Infamous - Winner!

  • Race: Protoss Protoss
  • League: Silver
  • Spawn Location: 11:00

RedPyro

  • Race: Terran Terran
  • Spawn Location: 5:00

VOD

Have the link to the VOD?

Description

Time

  • Played on: March 21, 2018, 7:30 p.m.
  • Length: 11:21
Show
View Real Time Build Order
Export as new Build Order

Infamous Protoss - Winner!

Build Orders: Zealot Archon 

Get SALT Encoding   

  12  0:01  Probe  
  13  0:14  Probe  
  13  0:19  Pylon  
  14  0:27  Probe  
  15  0:38  Gateway  
  15  0:40  Probe (Chrono Boost)  
  16  0:52  Probe (Chrono Boost)  
  16  0:53  Assimilator  
  17  1:07  Probe  
  18  1:16  Pylon  
  18  1:26  Pylon, Cybernetics Core  
  18  1:27  Probe (Chrono Boost)  
  19  1:33  Assimilator  
  19  1:39  Probe (Chrono Boost)  
  20  1:49  Probe (Chrono Boost)  
  21  1:56  Warp Gate (Chrono Boost)  
  21  2:00  Probe  
  22  2:08  Robotics Facility  
  22  2:12  Probe  
  22  2:14  Stalker  
  25  2:33  Probe  
  25  2:35  Pylon  
  26  2:44  Gateway  
  26  2:49  Sentry  
  26  2:50  Probe  
  29  2:55  Observer  
  30  3:03  Gateway  
  30  3:06  Probe  
  31  3:19  Forge  
  31  3:21  Probe  
  31  3:22  Immortal  
  36  3:37  Probe  
  36  3:38  Pylon  
  37  3:46  Twilight Council  
  37  3:53  Probe, Protoss Ground Weapons Level 1 (Chrono Boost)  
  38  3:59  Stalker  
  40  4:22  Probe  
  41  4:33  Templar Archives  
  41  4:34  Probe (Chrono Boost)  
  43  4:46  Probe (Chrono Boost)  
  43  4:47  Stalker x2  
  47  5:01  Pylon  
  47  5:02  Probe  
  47  5:06  Stalker  
  50  5:09  Pylon  
  50  5:14  Nexus  
  50  5:19  Probe  
  51  5:28  Charge  
  51  5:37  Probe  
  52  5:46  Gateway  
  52  5:47  Gateway x2  
  52  5:50  Gateway  
  52  5:54  Zealot  
  54  6:01  Probe  
  55  6:18  Zealot x3  
  59  6:21  Protoss Ground Armor Level 1 (Chrono Boost)  
  59  6:23  Probe  
  62  6:28  Warp Prism  
  64  6:42  Probe (Chrono Boost)  
  66  6:48  Probe (Chrono Boost)  
  66  6:50  High Templar x2  
  66  6:53  Probe (Chrono Boost)  
  71  6:58  Probe x2 (Chrono Boost)  
  73  7:08  Probe  
  74  7:09  Probe  
  74  7:13  High Templar  
  77  7:25  Zealot x4  
  77  7:29  Archon  
  85  7:41  Psionic Storm  
  85  7:55  Pylon  
  85  7:57  Pylon  
  85  7:59  Pylon  
  85  8:11  Pylon  
  85  8:12  Photon Cannon  
  85  8:15  Pylon  
  85  8:19  Photon Cannon  
  85  8:20  Pylon  
  85  8:25  Assimilator  
  85  8:26  Pylon  
  85  8:29  Assimilator, Zealot  
  85  8:30  Zealot  
  85  8:31  High Templar x2  
  85  8:32  Zealot x3  
  99  8:37  Probe (Chrono Boost)  
  101  8:43  Probe (Chrono Boost)  
  101  8:46  Immortal  
  105  8:56  Photon Cannon  
  105  9:00  Shield Battery  
  105  9:02  Zealot x3  
  111  9:09  Probe (Chrono Boost)  
  113  9:10  Probe (Chrono Boost)  
  113  9:21  Probe (Chrono Boost)  
  114  9:26  Archon  
  108  9:49  Zealot x4  
  108  9:50  Zealot  
  108  9:51  Zealot x2  
Show
View Real Time Build Order
Export as new Build Order

RedPyro Terran 

Build Orders:  

Get SALT Encoding   

  12  0:14  Supply Depot  
  12  0:34  Supply Depot  
  12  0:45  Barracks  
  12  0:48  SCV  
  13  1:00  SCV  
  13  1:03  Refinery  
  14  1:12  SCV  
  15  1:24  SCV  
  16  1:36  SCV  
  17  1:46  Barracks Tech Lab  
  17  1:48  SCV  
  18  2:00  SCV  
  19  2:09  Barracks  
  19  2:12  SCV  
  22  2:15  Marauder  
  22  2:24  SCV  
  23  2:30  Supply Depot  
  23  2:37  SCV, Marauder  
  26  2:49  SCV  
  27  2:58  Marauder, Engineering Bay  
  29  3:01  SCV  
  30  3:06  Factory  
  30  3:09  Supply Depot  
  30  3:15  Marine  
  30  3:19  Marauder  
  33  3:31  Refinery  
  33  3:33  Marine  
  34  3:41  Marauder  
  36  3:44  Terran Infantry Weapons Level 1  
  36  3:51  Marine  
  37  3:57  Engineering Bay  
  37  4:02  Marine  
  38  4:37  Marine  
  39  4:41  Marine  
  40  4:51  Terran Infantry Armor Level 1  
  40  4:56  Marauder  
  40  4:59  Marine, Command Center  
  43  5:17  Marine x2  
  45  5:35  Marauder  
  47  5:44  Supply Depot  
  47  5:52  Refinery  
  47  6:06  Marine x2, SCV  
  50  6:14  Starport, SCV  
  51  6:23  Marine x2  
  53  6:26  SCV  
  54  6:35  Building Armor  
  54  6:38  SCV  
  55  6:41  Marine x2  
  57  6:50  SCV  
  58  6:58  Supply Depot  
  58  6:59  Marine  
  58  7:00  Medivac, Marauder  
  63  7:03  SCV  
  64  7:15  SCV  
  65  7:17  Marine  
  66  7:27  SCV  
  67  7:30  Medivac  
  67  7:35  Marine  
  70  7:39  SCV  
  71  7:45  Factory Reactor  
  72  7:51  SCV  
  72  7:52  Marine  
  73  8:00  Medivac  
  75  8:10  Marine  
  75  8:11  Armory  
  76  8:26  Marauder  
  78  8:42  Refinery  
  78  9:03  Supply Depot  
  78  9:25  Hellion x2, Medivac, Marauder  
  78  9:28  Supply Depot  
  86  9:42  SCV  
  39  9:54  SCV  
  39  9:55  Medivac  
  42  10:06  SCV  
  36  10:18  SCV  
  26  10:25  Viking  
  23  10:30  SCV  
Tags
 
Composition
Zealot Archon
League
Silver
Matchup
PvT
Replay Pack
Last Remnant (2)
Spawn Locations
Cross Positions
Add a new tag
Caveats
  • Supply blocks, unpowered buildings, or Contaminate may cause inaccurate times.
  • Supply counts are checked every 10 seconds.